 Dungeon Crawl Stone Soup version 0.20.0 (webtiles) character file.

37 Danakh the Vexing (level 3, 0/26 HPs)
             Began as a Mummy Arcane Marksman on May 31, 2017.
             Slain by a leopard gecko (3 damage)
             ... on level 1 of the Dungeon.
             The game lasted 00:02:36 (951 turns).

Danakh the Vexing (Mummy Arcane Marksman)            Turns: 951, Time: 00:02:37

Health: 0/26       AC:  2    Str: 13    XL:     3   Next: 21%
Magic:  7/7        EV: 12    Int: 13    God:
Gold:   67         SH:  0    Dex: 12    Spells: 4/7 levels left

rFire    x . .     SeeInvis .   a - +0 shortbow
rCold    + . .     Gourm    .   (shield currently unavailable)
rNeg     + + +     Faith    .   e - +0 robe
rPois    ∞         Spirit   .   (no helmet)
rElec    .         Reflect  .   (no cloak)
rCorr    .         Harm     .   (no gloves)
MR       .....                  (no boots)
Stlth    +.........             (no amulet)
Regen    0.1/turn               (no ring)
MPRegen  0.1/turn               (no ring)

@: no status effects
A: no food or potions, fire vulnerability, cold resistance 1, negative energy
resistance 3, torment resistance, unbreathing
a: no special abilities


You were on level 1 of the Dungeon.
You were not hungry.

You visited 1 branch of the dungeon, and saw 2 of its levels.

You collected 67 gold pieces.

Inventory:

Hand Weapons
 a - a +0 shortbow (weapon)
Missiles
 d - 8 arrows (quivered)
Armour
 e - a +0 robe (worn)
Scrolls
 b - 2 scrolls of identify {unknown}
 f - a scroll of noise {unknown}
Books
 c - a book of Debilitation

   Spells                             Type                      Level
   a - Corona                         Hexes                        1
   b - Slow                           Hexes                        2
   c - Inner Flame                    Hexes/Fire                   3
   d - Portal Projectile              Hexes/Translocation          3
   e - Cause Fear                     Hexes                        4
   f - Leda's Liquefaction            Hexes/Earth                  4


   Skills:
 - Level 1.0 Fighting
 - Level 1.5 Bows
 - Level 1.5 Dodging
 * Level 2.9 Spellcasting
 + Level 3.3 Hexes


You had 4 spell levels left.
You knew the following spells:

 Your Spells              Type           Power        Failure   Level  Hunger
a - Corona                Hex            ##.....      6%          1    N/A
f - Slow                  Hex            ##......     9%          2    N/A

Dungeon Overview and Level Annotations

Branches:
Dungeon (2/15)

Altars:


Innate Abilities, Weirdness & Mutations

You do not eat or drink.
Your flesh is vulnerable to fire.
You are immune to poison.
Your flesh is cold resistant. (rC+)
You are immune to negative energy. (rN+++)
You are immune to unholy pain and torment.
You can survive without breathing.


Message History

You are too injured to fight recklessly!
You are too injured to fight recklessly!
Firing (i - inventory):
d - 10 arrows (quivered)
Press: ? - help, Shift-Dir - straight line, f/p - leopard gecko
Aim: a leopard gecko (heavily wounded, clinging)
You shoot an arrow.
The arrow barely misses the leopard gecko.
The leopard gecko bites you. The quokka barely misses you.
Firing (i - inventory):
d - 9 arrows (quivered)
Press: ? - help, Shift-Dir - straight line, f/p - leopard gecko
Aim: a leopard gecko (heavily wounded, clinging)
You shoot an arrow.
The arrow hits the leopard gecko but does no damage.
The leopard gecko is heavily wounded.
The quokka bites you. The leopard gecko bites you.
* * * LOW HITPOINT WARNING * * *
The quokka bites you.
* * * LOW HITPOINT WARNING * * *
The leopard gecko bites you.
You die...

################.....
#..............'.....
#......#########.....
#......###### #.....
#...........# ###...
####.(......# #...
#........# ####
#.r......# #
#@l...(.(#########
###>....(.........
#........#########
#........#
#........## ####
#.........# #...
#.........# #.##
#.........# #...
#.........#####.##


You could see a leopard gecko and a quokka.

Vanquished Creatures
  An adder (D:1)
  An ooze (D:1)
  2 dart slugs (D:1)
  A leopard gecko (D:1)
  3 bats (D:1)
  2 goblins (D:1)
  3 hobgoblins (D:1)
  A frilled lizard (D:1)
  2 kobolds (D:1)
  3 rats (D:1)
19 creatures vanquished.

Notes
Turn   | Place    | Note
-------+----------+-------------------------------------------
     0 | D:1      | Danakh the Mummy Arcane Marksman began the quest for the Orb.
     0 | D:1      | Reached XP level 1. HP: 15/15 MP: 2/2
    93 | D:1      | Reached skill level 3 in Hexes
    93 | D:1      | Reached XP level 2. HP: 17/21 MP: 3/5
   383 | D:1      | Learned a level 2 spell: Slow
   770 | D:1      | Reached XP level 3. HP: 12/26 MP: 7/7
   951 | D:1      | Slain by a leopard gecko

Skill      XL: |  1 |
---------------+----+-----
Spellcasting   | 2 |  2.9
Hexes          | 3 |  3.3
Fighting       | |  1.0
Bows           | |  1.5
Dodging        | |  1.5

Action                   || total
-------------------------++-------
 Fire: Shortbow          ||    59
 Cast: Corona            ||    10
Armor: Robe              ||     9
Dodge: Dodged            ||    32
